 Dungeon Crawl Stone Soup version 0.31-a0-819-gf6de2f5ab6 (webtiles) character file.

Game seed: 12873811127429645233

49 Kurtz the Chopper (level 3, -1/26 HPs)
             Began as an Octopode Fighter on Sept 23, 2023.
             Killed by divine providence
             ... invoked by an orc priest
              (13 damage)
             ... on level 3 of the Dungeon.
             The game lasted 00:01:01 (1376 turns).

Kurtz the Chopper (Octopode Fighter)                Turns: 1376, Time: 00:01:01

Health: -1/26      AC:  1    Str: 15    XL:     3   Next: 77%
Magic:  3/3        EV: 13    Int: 10    God:
Gold:   73         SH:  4    Dex: 13    Spells: 2/2 levels left

rFire   . . .        a - +0 war axe
rCold   . . .        b - +0 buckler
rNeg    . . .        (helmet restricted)
rPois   +            (no amulet)
rElec   .            g - ring of poison resistance
rCorr   .            (no ring)
SInv    .            (no ring)
Will    .....        (no ring)
Stlth   ++           (no ring)
HPRegen 0.24/turn    (no ring)
MPRegen 0.08/turn    (no ring)
                     (no ring)

%: no passive effects
@: no status effects
A: almost no armour, amphibious, 8 rings, camouflage 1, gelatinous body 1,
(nimble swimmer 1), tentacles
a: no special abilities


You were on level 3 of the Dungeon.
You visited 1 branch of the dungeon, and saw 3 of its levels.

You collected 73 gold pieces.

Inventory:

Hand Weapons
 a - a +0 war axe (weapon)
Missiles
 l - 4 javelins
Armour
 b - a +0 buckler (worn)
Jewellery
 g - a ring of poison resistance (left tentacle)
Scrolls
 d - a scroll of identify {unknown}
 e - a scroll of silence {unknown}
 f - a scroll of amnesia {unknown}
 i - a scroll of noise {unknown}
 j - a scroll of immolation {unknown}
 k - a scroll of teleportation {unknown}
 m - a scroll of blinking {unknown}
 n - a scroll of fog {unknown}
Potions
 c - a potion of might
 h - a potion of invisibility {unknown}
 o - a potion of haste {unknown}
 p - a potion of curing {unknown}


   Skills:
 - Level 3.0 Fighting
 * Level 4.0 Axes
 - Level 3.0 Dodging
 - Level 3.0 Shields


You had 2 spell levels left.
You didn't know any spells.
Your spell library was empty.

Dungeon Overview and Level Annotations

Branches:
Dungeon (3/15)

Altars:


Innate Abilities, Weirdness & Mutations

You cannot wear most types of armour.
You are amphibious.
You can wear up to eight rings at the same time.
Your skin changes colour to match your surroundings (Stealth+).
Your rubbery body absorbs attacks. (AC +1, EV +1)
((You are camouflaged when in or above water. (Stealth+)))
You have tentacles for arms and can constrict up to eight enemies at once.


Message History

Unknown command.
Found 3 stones.
No target in view!
p - a cyan potion No target in view!
Unknown command.
No target in view!
Done exploring.
No target in view!
Unknown command.
Done exploring.
No target in view!
Done exploring.
Unknown command.
No target in view!
Done exploring.
No target in view!
Unknown command.
Key pressed, stopping travel.
Done exploring.
There is a stone staircase leading down here.
You climb downwards.
There is a stone staircase leading up here.
Found a stone staircase leading down.
An orc and 2 orc priests come into view.
The orc priest shouts! x2
The orc priest mumbles some strange prayers to Beogh against you.
Beogh smites you!
Ouch! That really hurt!
There are monsters nearby!
You are too injured to fight recklessly!
Unknown command.
There are monsters nearby!
You are too injured to fight recklessly!
You are too injured to fight recklessly!
Unknown command.
The orc priest invokes the aid of Beogh against you.
Beogh smites you!
Ouch! That really hurt!
You die... #.# o.o

#+ #o# #. #.# #.
#.# ##.##########
#.# .#......<....#
#.# #.....######.#
#.# ##....######.#
#@#
..........##.###.#
###.#.###........#
#.#.# ####.#####
#.#.######.#
#.#........#
##########


You could see 2 orc priests and an orc (wandering).

Vanquished Creatures
  An adder (D:2)
  A worm (D:2)
  A dart slug (D:2)
  A bat (D:1)
  7 endoplasms
  2 giant cockroaches (D:2)
  A goblin (D:1)
  5 hobgoblins
  3 jackals (D:1)
  A ball python (D:1)
  6 frilled lizards
  2 kobolds
  2 rats
33 creatures vanquished.

Notes
Turn   | Place    | Note
-------+----------+-------------------------------------------
     0 | D:1      | Kurtz the Octopode Fighter began the quest for the Orb.
     0 | D:1      | Reached XP level 1. HP: 16/16 MP: 1/1
   152 | D:1      | Reached XP level 2. HP: 21/21 MP: 2/2
   248 | D:1      | Reached skill level 3 in Axes
   793 | D:2      | Reached XP level 3. HP: 26/26 MP: 3/3
  1163 | D:2      | Reached skill level 4 in Axes
  1376 | D:3      | Killed from afar by an orc priest

Illustrated notes

Levels and vault maps discovered:
D:1:      dpeg_arrival_water_fire, layout_basic, wad_floor_pattern_untrapped,
          minmay_lizard_king
D:2:      layout_rooms, st_stairs_1
D:3:      layout_loops_corners, serial_shops, nicolae_shop_back_alley_shop,
          uniq_jessica, uniq_crazy_yiuf_cottage

Skill      XL: |  1  2  3 |
---------------+----------+-----
Axes           | 3 4 |  4.0
Fighting       | |  3.0
Dodging        | |  3.0
Shields        | |  3.0

Action                     || total
---------------------------++-------
  Melee: War axe           ||    49
         Constrict         ||    14
         Tentacles         ||    10
   Stab: Sleeping          ||     5
 Armour: Skin              ||    17
  Dodge: Dodged            ||    26
  Block: Buckler           ||     7

Table legend: (Time is in decaauts)
 A = Elapsed time spent in this place.
 B = Non-inter-level travel time spent in this place.
 C = Inter-level travel time spent in this place.
 D = Time resting spent in this place.
 E = Time spent auto-exploring this place.
 F = Levels seen in this place.
 G = Mean time per level.
                   A        B        C        D        E       F      G
               +--------+--------+--------+--------+--------+-----+--------+
         Total |   1393 |   1330 |     63 |    111 |   1010 |   3 |  464.3 |
       Dungeon |   1393 |   1330 |     63 |    111 |   1010 |   3 |  464.3 |
               +--------+--------+--------+--------+--------+-----+--------+

Top non-repeatable levels by time:
     D:1: 779 daAuts
     D:2: 587 daAuts
     D:3: 26 daAuts
